Map: 暮色之塔

Players

iGXiGua - Winner!

  • Race: Zerg Zerg
  • League: Master

iGMacSed - Winner!

  • Race: Zerg Zerg
  • League: Master

开局要打鸡儿盒饭

  • Race: Terran Terran
  • League: Master

doudou

  • Race: Terran Terran
  • League: Master

Event: GPL 2015 - Grand Finals

VOD

Have the link to the VOD?

Description

Time

  • Played on: Jan. 22, 2016, 3:23 a.m.
  • Length: 31:54

All games in this series

Show
View Real Time Build Order
Export as new Build Order

iGXiGua Zerg - Winner!

Build Orders: Hatch First 

Get SALT Encoding   

  12  0:01  Drone  
  13  0:13  Overlord  
  13  0:18  Drone  
  14  0:31  Drone x2  
  16  0:36  Drone  
  17  0:52  Hatchery  
  17  0:55  Drone  
  17  0:58  Drone  
  17  1:03  Extractor  
  17  1:13  Spawning Pool  
  17  1:17  Drone  
  17  1:20  Drone  
  18  1:29  Drone  
  19  1:39  Overlord  
  19  2:00  Queen  
  19  2:01  Zergling x2  
  22  2:02  Zergling x2  
  22  2:04  Queen  
  22  2:05  Drone  
  22  2:06  Metabolic Boost  
  26  2:17  Drone x2  
  28  2:24  Overlord  
  28  2:29  Drone  
  29  2:33  Drone  
  29  2:35  Queen  
  32  2:38  Drone  
  33  2:44  Drone  
  33  2:48  Overlord  
  34  2:55  Drone  
  34  2:58  Drone  
  35  3:08  Drone  
  35  3:09  Drone x4  
  35  3:11  Drone  
  35  3:12  Drone x2  
  43  3:21  Drone  
  43  3:22  Drone  
  45  3:29  Roach Warren  
  45  3:30  Extractor, Hatchery  
  45  3:31  Drone  
  45  3:32  Drone  
  44  3:43  Drone x2  
  44  3:44  Queen  
  44  3:47  Overlord x2  
  48  3:52  Overlord  
  48  4:01  Overlord  
  48  4:05  Overlord  
  48  4:11  Roach  
  48  4:12  Roach x3  
  48  4:14  Evolution Chamber  
  48  4:16  Roach x2  
  59  4:21  Roach x2  
  59  4:23  Roach  
  64  4:25  Roach  
  64  4:28  Roach  
  68  4:35  Zergling x6  
  71  4:40  Zergling x2  
  71  4:42  Zergling x4  
  74  4:59  Zerg Missile Weapons Level 1  
  74  5:00  Drone  
  74  5:01  Lair, Drone x3  
  74  5:02  Drone  
  74  5:05  Drone  
  74  5:06  Drone  
  81  5:07  Extractor  
  81  5:08  Drone  
  81  5:10  Drone x2  
  81  5:12  Overlord x2  
  83  5:15  Drone  
  83  5:21  Extractor  
  83  5:22  Drone  
  83  5:23  Overlord, Drone x4  
  83  5:24  Drone  
  83  5:25  Drone  
  90  5:33  Drone  
  90  5:34  Drone x2  
  93  5:36  Drone  
  93  5:37  Extractor  
  93  5:38  Extractor  
  93  5:40  Evolution Chamber  
  93  5:41  Drone x2  
  93  5:42  Drone  
  94  5:44  Ravager  
  94  5:45  Ravager  
  94  5:46  Ravager  
  94  5:48  Drone  
  94  5:49  Drone  
  99  5:53  Drone  
  100  5:57  Drone x3  
  100  5:58  Drone x2  
  100  6:02  Glial Reconstitution  
  100  6:04  Drone x5  
  106  6:05  Drone  
  106  6:06  Drone  
  106  6:08  Drone  
  106  6:09  Overlord  
  113  6:15  Overlord, Zerg Ground Armor Level 1  
  113  6:20  Overlord x2  
  113  6:24  Overlord, Overseer  
  113  6:30  Hatchery  
  112  6:33  Overlord  
  112  6:34  Overlord  
  112  6:40  Zergling x12  
  112  6:41  Infestation Pit  
  117  6:49  Zergling x2  
  117  6:50  Zergling x10  
  117  6:54  Roach x3  
  129  6:59  Roach  
  131  7:02  Roach x3  
  131  7:03  Roach  
  131  7:07  Hatchery  
  138  7:13  Roach x4  
  146  7:17  Pathogen Glands, Zerg Missile Weapons Level 2  
  146  7:27  Overlord  
  146  7:30  Ravager x3  
  146  7:33  Spore Crawler  
  146  7:35  Spore Crawler, Drone  
  148  7:37  Spore Crawler  
  148  7:42  Overlord  
  148  7:43  Pneumatized Carapace  
  147  7:46  Infestor x3  
  153  7:53  Drone  
  153  7:54  Drone x5  
  158  8:00  Roach x5  
  155  8:13  Zerg Ground Armor Level 2  
  155  8:20  Zergling x28  
  155  8:21  Queen  
  155  8:25  Drone  
  165  8:31  Overlord x3  
  160  8:41  Overlord x2  
  153  8:48  Overlord x2  
  152  8:52  Infestor x3  
  158  9:01  Infestor  
  154  9:05  Zergling x4, Roach x6  
  168  9:11  Roach  
  168  9:12  Zergling x2, Roach x2  
  168  9:16  Roach, Drone  
  168  9:17  Roach  
  160  9:30  Drone x6  
  159  9:36  Overlord  
  157  9:43  Overlord  
  157  9:44  Overlord  
  151  9:50  Hive  
  152  9:52  Drone  
  152  9:53  Drone x4  
  152  9:54  Drone  
  157  10:02  Drone x4  
  161  10:09  Zergling x2, Roach  
  161  10:11  Ravager  
  161  10:18  Roach  
  161  10:19  Roach x3  
  169  10:24  Zergling x2  
  169  10:25  Zergling x6  
  169  10:27  Zerg Melee Weapons Level 1  
  168  10:31  Drone x5  
  168  10:33  Drone  
  166  10:36  Spore Crawler  
  166  10:39  Infestor x2  
  169  10:43  Zergling x4  
  169  10:45  Zergling x2  
  169  10:48  Spore Crawler  
  169  10:49  Zergling x8  
  175  10:56  Zergling x6  
  177  11:01  Zergling x6  
  177  11:02  Zergling x6  
  182  11:08  Roach  
  182  11:09  Roach  
  182  11:10  Ravager  
  187  11:14  Ultralisk Cavern  
  187  11:18  Zerg Ground Armor Level 3  
  185  11:27  Drone x3  
  185  11:32  Zergling x16  
  192  11:37  Drone x2  
  192  11:38  Spire  
  192  11:43  Adrenal Glands  
  189  12:01  Chitinous Plating  
  187  12:02  Drone x2  
  187  12:03  Drone  
  190  12:12  Queen x2  
  190  12:15  Ultralisk  
  195  12:25  Overseer  
  195  12:38  Hatchery  
  194  12:50  Corruptor x2  
  184  13:22  Corruptor  
  184  13:23  Corruptor x6  
  194  13:28  Corruptor  
  194  13:30  Drone x2  
  194  13:31  Drone x2  
  194  13:32  Queen  
  196  13:45  Zerg Flyer Weapons Level 1  
  196  13:46  Zergling x6  
  199  13:50  Extractor  
  199  13:53  Extractor x2, Zerg Melee Weapons Level 2  
  196  14:06  Queen  
  198  14:19  Zergling x2  
  192  14:43  Ultralisk  
  197  14:53  Zergling x2  
  197  14:54  Zergling x8  
  192  15:03  Ultralisk  
  198  15:11  Zergling x10  
  197  15:22  Zergling x6  
  170  15:47  Ultralisk x6  
  185  15:50  Drone x5  
  185  15:54  Ultralisk  
  185  15:55  Drone x6  
  189  16:04  Overlord x2, Zergling x2, Hatchery  
  171  16:19  Zergling x2  
  171  16:20  Zergling x14  
  177  16:30  Zergling x8  
  173  16:39  Infestor x2  
  153  16:47  Zergling x8  
  157  16:54  Zergling x8  
  157  17:00  Zergling x6  
  148  17:14  Ultralisk  
  148  17:15  Infestor  
  150  17:21  Corruptor  
  154  17:25  Infestor x2  
  158  17:31  Corruptor  
  160  17:39  Corruptor  
  160  17:40  Corruptor  
  163  17:53  Zergling x18  
  163  17:57  Corruptor  
  171  18:02  Zerg Flyer Weapons Level 2  
  171  18:18  Infestor x2  
  171  18:21  Drone x2  
  171  18:22  Drone  
  171  18:23  Extractor  
  171  18:26  Viper  
  173  18:29  Drone x4  
  173  18:32  Spine Crawler, Drone x2  
  181  18:35  Extractor x2  
  169  18:48  Ultralisk  
  152  18:53  Zergling x12  
  133  19:01  Viper  
  128  19:21  Zergling x2  
  128  19:22  Zergling x32  
  139  19:42  Ultralisk x2  
  143  19:54  Spore Crawler  
  143  19:55  Drone x3  
  143  19:57  Spine Crawler  
  143  19:59  Spine Crawler  
  143  20:06  Drone  
  144  20:21  Hatchery  
  143  20:28  Ultralisk  
  149  20:43  Zerg Melee Weapons Level 3  
  149  20:44  Drone  
  143  21:03  Ultralisk x2  
  152  21:11  Spawning Pool  
  147  21:20  Ultralisk Cavern  
  130  21:40  Drone  
  130  21:43  Drone  
  132  21:53  Extractor  
  131  21:55  Spire  
  131  21:57  Extractor  
  131  21:59  Drone  
  131  22:00  Drone x2  
  132  22:07  Ultralisk x2  
  144  22:09  Zergling x2  
  144  22:10  Zergling x26  
  158  22:17  Overseer  
  158  22:28  Drone x3  
  157  22:49  Ultralisk x2  
  157  22:51  Ultralisk  
  157  22:52  Drone x2  
  157  22:53  Drone  
  157  22:54  Drone x2  
  157  22:56  Drone  
  162  23:11  Nydus Network  
  161  23:15  Ultralisk  
  159  23:27  Ultralisk  
  154  23:47  Nydus Canal  
  154  23:58  Ultralisk  
  148  24:14  Nydus Canal  
  143  24:22  Ultralisk  
  149  24:24  Queen  
  151  24:44  Hatchery  
  149  24:52  Zergling x2, Ultralisk  
  155  24:55  Zergling x16  
  162  25:18  Ultralisk  
  168  25:24  Zergling x8  
  109  26:14  Hatchery  
  102  26:23  Ultralisk  
  108  26:34  Ultralisk  
  113  27:00  Ultralisk  
  113  27:15  Ultralisk  
  119  27:26  Drone x2  
  119  27:27  Drone x3  
  118  27:39  Drone  
  118  27:47  Ultralisk  
  124  27:58  Spine Crawler  
  124  28:03  Spine Crawler  
  118  28:08  Zergling x2  
  118  28:09  Zergling x14  
  118  28:10  Zergling x4  
  126  28:18  Corruptor x2  
  125  28:32  Drone x2  
  125  28:33  Drone x3  
  127  28:34  Corruptor x2  
  127  28:36  Corruptor  
  133  28:49  Corruptor  
  128  29:07  Zergling x10  
  129  29:19  Drone x3  
  129  29:21  Ultralisk  
  139  29:31  Zergling x10  
  137  29:50  Zergling x14  
  138  30:09  Drone x2  
  140  30:15  Drone x3  
  140  30:16  Drone x3  
  144  30:22  Zergling x10  
  144  30:38  Spire  
  143  30:49  Drone x2  
  141  30:53  Corruptor  
  142  31:02  Extractor, Drone x2  
  142  31:03  Extractor  
  142  31:15  Spore Crawler  
  142  31:18  Corruptor x2  
  138  31:29  Spore Crawler  
  138  31:31  Spore Crawler x2  
  138  31:32  Spore Crawler  
  136  31:33  Drone  
  136  31:35  Drone x7  
Show
View Real Time Build Order
Export as new Build Order

iGMacSed Zerg - Winner!

Build Orders:  

Get SALT Encoding   

  12  0:01  SCV  
  13  0:13  SCV  
  14  0:17  Supply Depot  
  14  0:25  SCV  
  15  0:39  SCV  
  15  0:40  Barracks  
  16  0:45  Refinery  
  16  0:51  SCV  
  17  1:03  SCV  
  18  1:15  SCV  
  19  1:27  Orbital Command  
  19  1:28  Reaper  
  20  1:39  Command Center  
  20  1:49  Supply Depot  
  20  1:53  SCV  
  21  2:00  Marine  
  22  2:06  SCV  
  23  2:10  Refinery  
  23  2:13  Factory  
  23  2:18  SCV  
  23  2:22  Barracks Reactor  
  24  2:31  SCV  
  25  2:43  SCV  
  26  2:52  Orbital Command  
  26  2:55  SCV  
  27  2:58  Starport  
  27  3:08  Hellion x2, Marine  
  27  3:09  SCV  
  33  3:19  SCV  
  34  3:20  Supply Depot  
  34  3:21  SCV  
  34  3:26  Barracks Tech Lab  
  35  3:29  Hellion x2  
  35  3:31  SCV  
  35  3:33  SCV  
  40  3:35  Medivac  
  42  3:43  SCV  
  42  3:44  Stimpack, Marine  
  42  3:47  SCV  
  45  3:50  Hellion  
  45  3:51  Hellion  
  45  3:52  Supply Depot  
  49  3:56  Liberator, SCV  
  49  4:01  SCV  
  49  4:02  Marine  
  52  4:12  SCV  
  52  4:16  SCV  
  57  4:17  Supply Depot  
  57  4:21  Marine  
  58  4:26  SCV  
  58  4:27  Command Center  
  58  4:30  SCV  
  60  4:34  Factory Reactor  
  60  4:35  Barracks  
  60  4:39  SCV  
  60  4:42  Barracks, SCV  
  60  4:43  Marine  
  61  4:46  Liberator, Refinery  
  61  4:51  SCV  
  62  4:55  SCV  
  62  4:56  Engineering Bay  
  62  4:57  Engineering Bay  
  63  5:02  Starport Reactor  
  63  5:03  SCV  
  67  5:07  SCV  
  67  5:11  Widow Mine  
  67  5:12  Widow Mine  
  70  5:16  Supply Depot  
  70  5:21  Supply Depot  
  70  5:29  Terran Infantry Weapons Level 1, Terran Infantry Armor Level 1  
  70  5:31  Supply Depot  
  70  5:38  Marauder, Marine x2, SCV x2  
  70  5:41  Barracks Tech Lab  
  76  5:48  Barracks x2  
  76  5:49  Orbital Command  
  76  5:50  SCV  
  76  5:52  Factory Tech Lab  
  76  5:53  SCV  
  76  5:54  Refinery  
  78  6:01  Marauder  
  78  6:02  Combat Shields, SCV  
  78  6:03  Starport Reactor  
  81  6:07  SCV  
  81  6:11  Supply Depot  
  82  6:13  Marine  
  82  6:14  Marine x2  
  85  6:22  Marine  
  86  6:26  Supply Depot, SCV  
  86  6:29  SCV  
  86  6:31  Marine  
  86  6:32  Marine x2  
  91  6:33  Supply Depot, Orbital Command, Siege Tank  
  91  6:35  Marine  
  91  6:36  Marine  
  91  6:38  SCV  
  98  6:40  Marine  
  98  6:42  SCV  
  98  6:44  Medivac x2  
  103  6:47  Barracks Reactor  
  103  6:49  Marine  
  103  6:50  SCV  
  103  6:53  Supply Depot  
  105  6:55  SCV  
  105  6:57  Supply Depot  
  106  7:02  SCV x2  
  106  7:03  Marauder, Marine x2  
  106  7:05  Siege Tank  
  106  7:07  SCV  
  116  7:10  Refinery  
  116  7:13  Marine  
  116  7:14  Armory, Supply Depot, SCV  
  118  7:20  Marine  
  119  7:30  Marine  
  119  7:31  Marine x6  
  119  7:35  SCV x2  
  128  7:38  Marine  
  128  7:40  SCV  
  128  7:42  Supply Depot  
  128  7:43  Medivac  
  132  7:48  Supply Depot, Marine x2, SCV  
  132  7:49  Marine x3  
  132  7:50  Refinery  
  138  7:52  Marine x2  
  138  7:56  Marine, Siege Tank  
  138  7:58  SCV  
  145  7:59  SCV  
  145  8:00  SCV  
  145  8:01  Supply Depot  
  145  8:03  Barracks x2, Terran Infantry Armor Level 2, Terran Infantry Weapons Level 2  
  147  8:06  Marine  
  147  8:10  Marine x2  
  147  8:11  Marine x2  
  147  8:12  Marauder, Marine  
  154  8:16  Marine  
  154  8:18  Supply Depot  
  154  8:24  Marine  
  154  8:25  SCV  
  154  8:26  Medivac  
  151  8:28  Marine x2  
  151  8:29  Marine  
  151  8:31  Marauder, Marine, Siege Tank  
  151  8:32  Marine  
  155  8:34  Marine  
  153  8:44  Marine  
  153  8:45  Command Center  
  153  8:46  Marine, Ghost Academy  
  152  8:50  Supply Depot, Marine  
  152  8:51  Supply Depot, Medivac  
  152  8:54  Barracks Reactor, Barracks Tech Lab  
  152  8:55  Marine x2  
  156  8:57  Marine  
  156  9:02  Marine  
  158  9:05  Marine  
  158  9:09  Marine x2  
  161  9:15  Marine x5  
  142  9:19  Medivac, Marine, Siege Tank  
  142  9:22  Marine  
  137  9:26  Marine  
  137  9:27  Marine  
  137  9:30  Marine  
  133  9:31  Terran Vehicle Weapons Level 1  
  133  9:34  Marine  
  133  9:35  Fusion Core, Starport  
  133  9:36  Marine x2  
  133  9:37  Liberator  
  130  9:41  Marauder x2, Marine  
  133  9:47  SCV  
  133  9:48  SCV  
  133  9:50  Marine  
  133  9:51  Sensor Tower  
  136  9:56  Marine  
  140  10:05  Marine  
  140  10:06  Marine  
  142  10:09  SCV  
  142  10:10  Marine x2  
  142  10:13  Marine x2  
  146  10:17  Marine  
  146  10:19  Starport Tech Lab  
  146  10:20  Fusion Core  
  144  10:25  Liberator  
  144  10:26  Liberator, Marine  
  144  10:28  Marine  
  141  10:30  Liberator  
  141  10:34  SCV  
  134  10:38  SCV  
  134  10:39  Planetary Fortress, Marine x4  
  134  10:40  Marine x2  
  136  10:43  Marine x2, Refinery  
  136  10:46  Marine x2  
  136  10:48  Marauder  
  136  10:49  SCV  
  152  10:57  Marine x4  
  152  10:58  Marauder  
  152  10:59  SCV  
  152  11:00  Cyclone, Marine  
  152  11:02  SCV  
  160  11:08  Liberator, Marine  
  160  11:09  Advanced Ballistics  
  161  11:12  Marauder, Marine  
  161  11:13  SCV  
  161  11:14  Marine  
  166  11:20  Marine x2  
  166  11:21  Marine  
  166  11:22  SCV  
  166  11:23  Liberator  
  170  11:26  Supply Depot, Refinery  
  170  11:30  Bunker  
  172  11:41  Marine  
  172  11:43  Terran Vehicle And Ship Armor Level 1  
  172  11:45  Starport  
  170  11:49  Supply Depot, Marine x2  
  170  11:51  Liberator  
  170  11:52  SCV  
  170  11:54  Marine x2, Command Center  
  169  11:56  Marine  
  169  11:59  Marine  
  169  12:01  Liberator  
  164  12:07  Marine  
  164  12:09  Terran Infantry Armor Level 3, Terran Infantry Weapons Level 3  
  164  12:10  Marine  
  164  12:11  SCV  
  164  12:12  Marine  
  164  12:15  Liberator  
  169  12:18  Marine  
  169  12:21  Marine  
  174  12:23  SCV  
  174  12:26  SCV  
  176  12:32  Marine  
  176  12:34  Liberator  
  176  12:35  Marine x3  
  176  12:36  Ghost  
  180  12:40  Marine  
  181  12:44  Marine x2  
  181  12:46  Marine x2  
  181  12:48  Liberator  
  181  12:50  Marine  
  186  12:51  Starport Reactor  
  189  13:03  Liberator, Marine x3  
  192  13:06  Marine  
  187  13:14  Marine x3  
  187  13:16  Marine  
  181  13:20  Marine  
  181  13:21  Ghost x2  
  181  13:23  Supply Depot  
  178  13:27  Marine  
  178  13:33  Supply Depot  
  174  13:34  Medivac x2  
  174  13:38  Marine  
  179  13:46  Command Center  
  179  13:50  Sensor Tower, Marine  
  179  13:52  Marine  
  181  14:02  Marine  
  181  14:03  Banshee  
  181  14:05  Planetary Fortress  
  181  14:07  SCV  
  181  14:09  Medivac x3  
  192  14:15  Missile Turret  
  192  14:16  Marine x2  
  194  14:19  Missile Turret  
  194  14:21  Marauder, Widow Mine  
  198  14:24  Missile Turret  
  198  14:27  Refinery  
  198  14:28  Marine  
  198  14:31  Refinery  
  192  14:40  Missile Turret, Factory  
  192  14:43  Factory x2, SCV  
  190  14:55  Ghost x2, Marine  
  190  14:56  Marine  
  183  15:07  Marine  
  183  15:10  Marine  
  183  15:13  Marine  
  186  15:15  Ghost  
  186  15:16  Marine  
  186  15:21  Marine  
  183  15:25  Marine  
  183  15:27  Marine x2  
  180  15:31  Marauder, Marine  
  179  15:36  Marauder, Marine x2  
  179  15:39  Marine  
  164  15:46  Marauder, Marine  
  137  15:50  Marine  
  137  15:53  Marauder  
  137  15:55  Marine x3  
  137  15:56  Marine x2  
  131  15:57  Marauder, SCV  
  131  15:58  Marine  
  131  16:03  Marine  
  126  16:06  Factory Tech Lab  
  126  16:07  Marauder  
  126  16:08  Marine  
  126  16:11  Factory Tech Lab  
  125  16:13  Marine x3  
  125  16:14  Marauder, Marine, SCV x2  
  125  16:16  Starport Reactor  
  125  16:18  Marine  
  127  16:19  Marauder  
  127  16:25  Marine  
  127  16:29  Marauder  
  127  16:30  SCV  
  127  16:31  Marine  
  128  16:34  Marine  
  128  16:35  Marauder  
  128  16:37  Liberator x2  
  128  16:39  Marine  
  130  16:40  Marauder  
  130  16:46  Marine  
  127  16:48  Armory, Marine  
  127  16:49  Cyclone  
  127  16:50  Marauder  
  127  16:52  Starport, Factory Tech Lab  
  127  16:53  Marine  
  137  16:54  Factory Tech Lab  
  137  16:55  Factory Tech Lab  
  137  16:57  Marauder  
  137  17:00  Marine  
  142  17:02  Marauder, Marine  
  124  17:12  Marauder, Marine  
  124  17:14  Marine  
  112  17:15  Marine  
  112  17:16  Marine x2  
  112  17:18  Marauder, Marine  
  117  17:23  Marauder, Siege Tank x2  
  117  17:26  Marine  
  126  17:33  Marauder  
  126  17:36  SCV  
  129  17:38  Medivac x3  
  129  17:39  Marauder  
  137  17:44  Marauder  
  137  17:48  Marine  
  137  17:49  Marine  
  139  17:53  Marine  
  139  17:54  Marauder  
  139  17:56  Marine  
  143  18:01  Marauder  
  143  18:02  Marine  
  138  18:06  Marauder  
  138  18:07  Marine  
  138  18:09  Marine  
  138  18:10  Liberator  
  142  18:13  Engineering Bay  
  142  18:15  Ghost  
  142  18:16  SCV  
  142  18:17  Marine  
  142  18:19  Marine  
  143  18:22  Marauder, Marine  
  143  18:26  Ghost  
  147  18:27  Marine x2  
  147  18:30  Refinery  
  147  18:31  SCV  
  147  18:33  SCV  
  156  18:35  Command Center  
  156  18:40  Marine  
  141  18:51  Marine x2  
  141  18:52  Planetary Fortress  
  141  18:53  Marine x2  
  131  18:55  Liberator  
  131  18:57  Marine  
  131  19:01  Marine, Refinery, SCV  
  120  19:16  Marauder x2, Marine x2, SCV  
  130  19:25  SCV  
  130  19:26  Liberator  
  130  19:29  SCV  
  132  19:35  Liberator, Marine  
  128  19:49  Marine  
  128  19:50  Marine x3  
  126  19:56  SCV  
  126  19:58  Medivac  
  130  20:03  SCV  
  130  20:04  SCV  
  131  20:08  Marine  
  131  20:13  Marine  
  133  20:17  Marine x2  
  133  20:19  Medivac x2  
  139  20:22  SCV  
  139  20:23  Marine  
  139  20:24  Marauder  
  139  20:25  Marine  
  144  20:34  Marine x2, SCV  
  144  20:35  Medivac  
  149  20:44  Marine, Command Center  
  149  20:49  Sensor Tower  
  148  20:58  Marine x2  
  148  20:59  SCV  
  148  21:00  Marine  
  148  21:02  Cyclone  
  147  21:07  Marine  
  147  21:09  Marine  
  149  21:13  Marine  
  149  21:16  Marine  
  145  21:18  Factory Tech Lab  
  145  21:21  Barracks Reactor  
  131  21:25  Marine  
  131  21:27  SCV  
  131  21:30  Marine  
  127  21:33  Engineering Bay  
  127  21:39  SCV  
  127  21:47  Orbital Command  
  127  21:59  Sensor Tower  
  127  22:09  SCV  
  128  22:22  Marine  
  128  22:24  Marine  
  128  22:27  Marine  
  126  22:33  Marine  
  126  22:34  Marine  
  127  22:37  Sensor Tower  
  126  22:47  Marine  
  124  22:51  Planetary Fortress  
  124  22:53  Marine  
  124  22:55  Marine  
  118  22:59  SCV x2  
  118  23:01  Marauder, Marine  
  118  23:04  Marine  
  124  23:10  Marauder, Marine  
  127  23:32  Marine x4  
  127  23:33  Marine x2  
  133  23:34  Cyclone x2  
  133  23:36  Marauder, Marine  
  139  23:43  Marine  
  139  23:44  Marauder x2  
  139  23:45  Medivac  
  146  23:50  Marine  
  146  23:51  Marine x2  
  148  24:01  Marine  
  148  24:02  Marine  
  147  24:03  Cyclone  
  147  24:04  Cyclone, Marine  
  131  24:18  Marine  
  131  24:19  Marine  
  131  24:23  Cyclone  
  128  24:26  Marine  
  127  24:36  Marine  
  124  24:40  Marauder, Marine x2  
  124  24:41  Medivac x2  
  129  24:47  Marine x2  
  129  24:49  SCV x2  
  129  24:52  Marine  
  134  24:57  Marine  
  135  25:02  Marauder  
  135  25:04  Marine  
  134  25:07  Marine x2  
  134  25:11  Marine  
  136  25:17  Barracks Tech Lab  
  133  25:23  Marauder  
  133  25:26  SCV  
  133  25:40  Marine x2  
  114  25:44  Marine  
  114  25:45  Marine x2  
  114  25:47  Marine  
  114  25:48  Marauder  
  112  25:54  Marine  
  112  25:55  Marine  
  70  26:01  Marine  
  70  26:02  Marine, SCV  
  56  26:13  Marine  
  57  26:20  Marine  
  57  26:23  Marine  
  59  26:25  Liberator  
  63  26:47  SCV  
  63  26:50  Widow Mine  
  62  27:08  Orbital Command  
  62  27:10  Medivac x2  
  66  27:22  Marine  
  66  27:26  Marine  
  63  27:35  Marine  
  58  27:47  Marine  
  59  28:06  Cyclone  
  59  28:07  Cyclone  
  59  28:08  SCV  
  61  28:15  Bunker  
  61  28:20  Liberator  
  61  28:27  Marine  
  61  28:29  Marine  
  61  28:31  Marine, Siege Tank  
  61  28:33  SCV  
  65  28:34  SCV  
  65  28:35  Marine  
  65  28:37  Marine  
  71  28:42  Marine  
  71  28:47  Marine  
  73  28:48  Marine  
  73  28:49  SCV  
  73  28:51  Orbital Command  
  73  28:53  Marine  
  76  28:56  Liberator  
  76  29:01  Marine  
  77  29:05  SCV  
  77  29:07  Liberator  
  77  29:09  Marine  
  78  29:14  Marine  
  83  29:17  Marine, SCV  
  85  29:29  SCV  
  89  29:35  SCV  
  89  29:36  Marine  
  89  29:38  SCV  
  89  29:43  Liberator x2  
  89  29:47  SCV  
  89  29:52  Marine  
  68  29:59  SCV  
  54  30:00  Marine  
  48  30:10  Marine  
  48  30:11  SCV  
  53  30:23  SCV  
  49  30:35  SCV  
  50  30:47  SCV  
  47  31:00  Marine x2  
  47  31:02  Medivac  
  47  31:03  Marine  
  49  31:04  Marine  
  49  31:09  Marine  
  47  31:12  Marine  
  47  31:14  Marine  
  49  31:26  Marine  
Show
View Real Time Build Order
Export as new Build Order

开局要打鸡儿盒饭 Terran 

Build Orders:  

Get SALT Encoding   

Show
View Real Time Build Order
Export as new Build Order

doudou Terran 

Build Orders:  

Get SALT Encoding   

Tags
 
Add a new tag
Caveats
  • Supply blocks, unpowered buildings, or Contaminate may cause inaccurate times.
  • Supply counts are checked every 10 seconds.